AoeStats
← TheHuisman

Golden Pit

509496932Analyzed
1v1 RM · 5d ago on Sep 27, 2026· 79m 14s· 2 players
Game mode
Random Map
Map size
Tiny (2 player)
Population
200
Speed
Normal
Resources
Standard
Victory
Conquest
Starting age
Dark Age
Ending age
Imperial Age
RankedLock teamsTeams togetherTeam positionsShared explorationLock speedFull tech treeHidden civsTurbo modeCheats
Victory
Defeat
🇦🇷 Japanese · Argentina
1084
+17
🇦🇷 Bengalis · Argentina
1099
-17
TheHuisman
8:45 Feudal Age
7:52 Loom
9:25 Loom
9:41 Double-Bit Axe
9:35 Man-at-Arms
12:14 Arson
13:26 Town Watch
19:24 Castle Age
18:07 Stone Mining
18:14 Horse Collar
19:31 Scale Mail Armor
24:33 Fletching
32:49 Wheelbarrow
32:17 Heavy Plow
32:28 Bow Saw
33:00 Fervor
34:47 Hand Cart
40:25 Imperial Age
38:11 Forging
38:02 Scale Mail Armor
41:37 Iron Casting
41:18 Chain Mail Armor
41:47 Conscription
42:03 Hoardings
41:49 Bodkin Arrow
42:49 Conscription
41:50 Elite Samurai
44:17 Two-Man Saw
42:50 Pikeman
43:31 Squires
43:16 Gambesons
43:03 Elite Skirmisher
43:45 Gold Mining
45:44 Hoardings
45:45 Halberdier
48:55 Bracer
48:56 Padded Archer Armor
50:36 Gold Shaft Mining
51:28 Blast Furnace
52:11 Ballistics
53:00 Chemistry
52:24 Fortified Wall
52:25 Masonry
54:33 Yasama
54:58 Kataparuto
57:42 Leather Archer Armor
57:58 Plate Mail Armor
57:33 Scale Barding Armor
68:26 Ring Archer Armor
69:30 Redemption
69:20 Devotion
70:55 Atonement
71:21 Illumination
72:04 Sanctity
72:28 Murder Holes
72:24 Treadmill Crane
74:40 Block Printing
74:21 Herbal Medicine
75:01 Theocracy
76:21 Faith
Menta
6:43 Loom
9:19 Feudal Age
11:34 Wheelbarrow
10:47 Double-Bit Axe
11:27 Horse Collar
19:00 Fletching
23:21 Castle Age
26:01 Gold Mining
27:59 Heavy Plow
31:00 Bodkin Arrow
36:21 Imperial Age
35:49 Gold Shaft Mining
37:51 Town Watch
39:57 Ballistics
41:19 Bracer
41:25 Elite Skirmisher
44:30 Bow Saw
46:12 Heavy Scorpion
48:37 Padded Archer Armor
49:10 Crop Rotation
50:39 Chemistry
50:55 Leather Archer Armor
52:27 Stone Mining
53:22 Masonry
53:18 Siege Engineers
55:23 Onager
58:35 Hand Cart
62:12 Elite Elephant Archer
68:01 Ring Archer Armor
68:40 Architecture
71:24 Light Cavalry
72:15 Bloodlines
72:23 Forging
72:13 Scale Mail Armor
73:06 Husbandry
75:17 Iron Casting
74:58 Chain Mail Armor
78:28 Blast Furnace
77:35 Scale Barding Armor
Connection lost

Rejoining the realm…

Still unreachable

The connection could not be restored.

Session expired

The server has moved on; the page needs a fresh start.